 Dungeon Crawl Stone Soup version 0.27.1-33-g824d729ab1 (webtiles) character file.

Game seed: 4585704647671994905

108 zeram the Firebug (level 4, 0/24 HPs)
             Began as a Deep Elf Fire Elementalist on Dec 7, 2021.
             Slain by an adder (5 damage)
             ... on level 3 of the Dungeon.
             The game lasted 00:05:21 (2164 turns).

zeram the Firebug (Deep Elf Fire Elementalist)      Turns: 2164, Time: 00:05:22

Health: 0/24       AC:  2    Str:  5    XL:     4   Next: 58%
Magic:  5/12       EV: 13    Int: 21    God:
Gold:   113        SH:  0    Dex: 15    Spells: 3/11 levels left

rFire    . . .     SeeInvis .   b - +0 dagger
rCold    . . .     Faith    .   (no shield)
rNeg     . . .     Spirit   .   a - +0 robe
rPois    .         Reflect  .   (no helmet)
rElec    .         Harm     .   (no cloak)
rCorr    .         Rampage  .   (no gloves)
Will     .....                  (no boots)
Stlth    +.........             (no amulet)
HPRegen  0.08/turn              (no ring)
MPRegen  0.13/turn              (no ring)

@: very slow
A: no striking features
a: no special abilities


You were on level 3 of the Dungeon.
You visited 1 branch of the dungeon, and saw 3 of its levels.

You collected 113 gold pieces.

Inventory:

Hand Weapons
 b - a +0 dagger (weapon)
Armour
 a - a +0 robe (worn)
 d - a +0 pair of gloves
Scrolls
 f - a scroll of amnesia
Potions
 c - a potion of degeneration
 e - a potion of magic {unknown}
 g - a potion of curing {unknown}
 h - a potion of haste {unknown}


   Skills:
 + Level 2.8 Dodging
 - Level 2.4 Stealth
 + Level 4.0 Spellcasting
 + Level 2.5 Conjurations
 + Level 4.7 Fire Magic


You had 3 spell levels left.
You knew the following spells:

 Your Spells              Type           Power      Damage    Failure   Level
a - Foxfire               Conj/Fire      76%        2x1d7     2%          1
b - Call Canine Familiar  Summ           4%         N/A       34%         3
c - Sticky Flame          Conj/Fire      19%        2d4       26%         4

Your spell library contained the following spells:

 Spells                   Type           Power      Damage    Failure   Level
 Conjure Flame            Conj/Fire      19%        6-21      9%          3
 Summon Small Mammal      Summ           16%        N/A       12%         1
 Inner Flame              Hex/Fire       14%        N/A       14%         3
 Summon Guardian Golem    Hex/Summ       4%         N/A       34%         3
 Fireball                 Conj/Fire      9%         3d6       58%         5


Dungeon Overview and Level Annotations

Branches:
Dungeon (3/15)

Altars:


Message History

The foxfire hits the river rat but does no damage.
The river rat is severely wounded.
The river rat closely misses you.
Casting: Foxfire (safe; 3% risk of failure)
Confirm with . or Enter, or press ? or * to list all spells.
You conjure some foxfire!
The foxfire hits the river rat.
You kill the river rat!
Unknown command.
Casting: Foxfire (safe; 2% risk of failure)
Confirm with . or Enter, or press ? or * to list all spells.
You conjure some foxfire!
The foxfire hits the worm.
The worm is moderately wounded.
The foxfire hits the worm.
The worm is heavily wounded.
The foxfire hits the worm.
The worm is almost dead.
Casting: Foxfire (safe; 2% risk of failure)
Confirm with . or Enter, or press ? or * to list all spells.
You conjure some foxfire!
The foxfire hits the worm.
You kill the worm!
Your foxfire dissipates!
Your foxfire dissipates! x2
You see here a river rat corpse.
You enter the shallow water.
Moving in this stuff is going to be slow. 2 adders come into view.
The adder hisses angrily.
The adder misses you.
A rat comes into view.
The adder closely misses you. The adder misses you.
The adder closely misses you. The adder bites you.
* * * LOW HITPOINT WARNING * * *
The adder barely misses you.
You hit the adder.
The adder is moderately wounded.
You hear the slow rusting of a drain very nearby.
The adder closely misses you. The adder bites you.
* * * LOW HITPOINT WARNING * * *
The adder bites you.
You die...

### #...
### #...
#≈≈
#...≈#≈#
#..r≈#≈#
#..≈≈≈≈#
#...r#S#
#...≈S@#
#....#≈#
###
#...≈≈≈#
#..
#....≈≈####
### #..
#.....#†$.#
#.#####..
###.###.###
#.....###
##. #.#
#####....
#. ##.#
#.... ..
#..# #....


You could see 2 adders and a rat.

Vanquished Creatures
  2 river rats (D:3)
  3 adders
  4 worms
  A dart slug (D:1)
  A bat (D:2)
  7 endoplasms
  5 goblins
  4 hobgoblins
  6 jackals
  5 kobolds
  A quokka (D:3)
  3 ball pythons
  4 frilled lizards
  3 rats
49 creatures vanquished.

Vanquished Creatures (collateral kills)
  5 foxfires (D:2)
5 creatures vanquished.

Vanquished Creatures (others)
  158 foxfires
  2 plants (D:2)
160 creatures vanquished.

Grand Total: 214 creatures vanquished

Notes
Turn   | Place    | Note
-------+----------+-------------------------------------------
     0 | D:1      | zeram the Deep Elf Fire Elementalist began the quest for
                  | the Orb.
     0 | D:1      | Reached XP level 1. HP: 10/10 MP: 6/6
     5 | D:1      | Noticed a minotaur zombie
     7 | D:1      | Noticed a minotaur zombie
     8 | D:1      | Noticed a merfolk zombie
    14 | D:1      | Noticed a minotaur zombie
    16 | D:1      | Noticed a minotaur zombie
   238 | D:1      | Reached XP level 2. HP: 15/15 MP: 5/8
   955 | D:2      | Reached XP level 3. HP: 19/19 MP: 6/9
  1180 | D:2      | Learned a level 3 spell: Call Canine Familiar
  1721 | D:2      | Reached XP level 4. HP: 24/24 MP: 7/11
  1726 | D:2      | Learned a level 4 spell: Sticky Flame
  2164 | D:3      | Slain by an adder

Illustrated notes

Levels and vault maps discovered:
D:1:      shiori_arrival_whats_in_store_for_you, layout_rooms, serial_glass,
          glass_columns_b, glass_columns_b, glass_columns_a, glass_columns_b,
          glass_columns_b, glass_columns_a, glass_columns_a, glass_columns_a,
          feat_on_display, feat_on_display
D:2:      layout_rooms, serial_forest, infiniplex_forest_lined_corner,
          infiniplex_forest_clump_long, infiniplex_forest_clump_curved,
          infiniplex_forest_lined_3, infiniplex_forest_lined_corner,
          infiniplex_forest_end_2
D:3:      minmay_recursive_quarters, layout_rooms, lemuel_tele_altar,
          ebering_ecumenical_altar_petrified, lightli_sewer_entry_pipes,
          uniq_sigmund

Skill      XL: |  1  2  3  4 |
---------------+-------------+-----
Fire Magic     | 4 |  4.7
Conjurations   | 2 |  2.5
Spellcasting   | 4 |  4.0
Dodging        | |  2.8
Stealth        | |  2.4

Action                   |  1- 3 |  4- 6 || total
-------------------------+-------+-------++-------
Melee: Dagger            |     4 |     9 ||    13
 Cast: Foxfire           |    83 |    17 ||   100
  Use: Scroll            |     1 |     2 ||     3
 Stab: Sleeping          |     1 |     1 ||     2
Armor: Robe              |     6 |       ||     6
Dodge: Dodged            |    11 |    16 ||    27
